 Dungeon Crawl Stone Soup version 0.28.0-45-g0d030f2227 (webtiles) character file.

Game seed: 9419383550244568390

1125 Ablot the Slicer (level 8, 0/69 HPs)
             Began as a Gnoll Chaos Knight on Apr 17, 2022.
             Was a Plaything of Xom.
             Slain by a killer bee (6 damage)
             ... summoned by Xom
             ... on level 4 of the Dungeon.
             The game lasted 00:05:24 (3676 turns).

Ablot the Slicer (Gnoll Chaos Knight)               Turns: 3676, Time: 00:05:25

Health: 0/69       AC:  8    Str: 14 (15) XL:     8   Next: 35%
Magic:  15/15      EV: 12    Int:  9 (11) God:    Xom [*.....]
Gold:   121        SH:  0    Dex:  7 (9)  Spells: 17/17 levels left

rFire   . . .      SeeInvis .   a - +0 short sword (chaos)
rCold   . . .      Faith    +   (no shield)
rNeg    . . .      Spirit   .   b - +2 leather armour
rPois   .          Reflect  .   (no helmet)
rElec   .          Harm     .   (no cloak)
rCorr   .          Rampage  .   j - +1 pair of gloves
Will    .....                   w - +0 pair of boots
Stlth   ++........              p - amulet of faith
HPRegen 0.21/turn               g - ring of flight
MPRegen 0.14/turn               o - ring of willpower

@: weak-willed, flying, invisible, unable to read
A: fangs 1, strong nose, distributed training, clumsy 1, deformed body,
inability to read while threatened
a: Renounce Religion


You were on level 4 of the Dungeon.
You worshipped Xom.
You were a special plaything of Xom.
You visited 1 branch of the dungeon, and saw 4 of its levels.

You collected 121 gold pieces.

Inventory:

Hand Weapons
 a - a +0 short sword of chaos (weapon)
 v - a +2 flail of chaos
Missiles
 c - 105 stones (quivered)
 d - 51 bolts
 n - 9 sling bullets
 u - 15 arrows
Armour
 b - a +2 leather armour (worn)
 j - a +1 pair of gloves (worn)
 t - a +2 scale mail of cold resistance
 w - a +0 pair of boots (worn)
Jewellery
 g - a ring of flight (left hand)
 o - a ring of willpower (right hand)
 p - an amulet of faith (around neck)
Wands
 h - a wand of polymorph (10)
 m - a wand of mindburst (1)
Scrolls
 f - 2 scrolls of noise {unknown}
 k - a scroll of silence {unknown}
 l - 2 scrolls of identify
 r - a scroll of fear {unknown}


   Skills:
 + Level 8.4 Fighting
 + Level 8.4 Short Blades
 + Level 5.2 Long Blades
 + Level 5.2 Axes
 + Level 5.2 Maces & Flails
 + Level 5.2 Polearms
 + Level 5.2 Staves
 + Level 5.2 Slings
 + Level 5.2 Bows
 + Level 5.2 Crossbows
 + Level 5.2 Throwing
 + Level 7.0 Armour
 + Level 5.8 Dodging
 + Level 5.2 Stealth
 + Level 5.2 Shields
 + Level 5.2 Unarmed Combat
 + Level 5.2 Spellcasting
 + Level 4.3 Conjurations
 + Level 4.3 Hexes
 + Level 4.3 Summonings
 + Level 4.3 Necromancy
 + Level 4.3 Translocations
 + Level 4.3 Transmutations
 + Level 4.3 Fire Magic
 + Level 4.3 Ice Magic
 + Level 4.3 Air Magic
 + Level 4.3 Earth Magic
 + Level 4.3 Poison Magic
 + Level 5.7 Invocations
 + Level 5.2 Evocations


You had 17 spell levels left.
You didn't know any spells.
Your spell library was empty.

Dungeon Overview and Level Annotations

Branches:
Dungeon (4/15)
 Temple: D:4-7

Altars:
Gozag

Annotations:
D:3 3 runed translucent doors, Bruhh's ghost, amateur GnCK


Innate Abilities, Weirdness & Mutations

You have very sharp teeth.
Your uncanny sense of smell can sniff out nearby items.
Your experience applies equally to all skills.
You are clumsy. (Dex -2)
Armour fits poorly on your strangely shaped body.
You sometimes lose the ability to read scrolls when taking damage.


Message History

You kill the killer bee!
The killer bee's corpse disappears in a puff of smoke!
The killer bee barely misses you.
Unknown command.
You closely miss the killer bee. Your bite misses the killer bee.
You feel sick. The killer bee closely misses you.
The killer bee stings you but does no damage.
You closely miss the killer bee.
You feel sick. The killer bee barely misses you.
The killer bee closely misses you.
You barely miss the killer bee. Your punch misses the killer bee.
The killer bee stings you but does no damage. x2
The killer bee barely misses you. The killer bee completely misses you.
You hit the killer bee.
The killer bee flickers and vanishes!
Deactivating autopickup; reactivate with Ctrl-A.
You feel sick.
You are no longer poisoned.
Something stings you but does no damage.
The killer bee stings you.
* * * LOW HITPOINT WARNING * * *
You are poisoned.
The killer bee poisons you!
You feel better. Something stings you.
You feel threatened and lose the ability to read scrolls!
* * * LOW HITPOINT WARNING * * *
The killer bee stings you but does no damage.
Something stings you but does no damage.
The killer bee closely misses you.
Unknown command.
It was a potion of degeneration.
There was something very wrong with that liquid.
You feel weakened.
You feel dopey.
You feel clumsy.
Something stings you but does no damage.
The killer bee misses you.
Something stings you but does no damage.
The killer bee barely misses you.
It was a potion of invisibility.
You fade into invisibility!
Something stings you.
You die... "What!?
That's it?"

#.#
##.......###.#
..# ##.....##
# #### ##...##
...# ##..#
##.# ##...
##.## #### #
....# .# #...#
###.# #.#.#
#@{.# #.#.##
#y### #....##
#.# #.###.#
#.# #.# #.#
#.# #.###.#
#.# #....##
#.# #.##.#
#.#######
#.##.#
#....†..#


You could see a killer bee (summoned, weak-willed).

Vanquished Creatures
  Sigmund (D:3)
  An ogre (D:4)
  A necrophage (D:4)
  A phantom (D:4)
  A water moccasin skeleton (D:4)
  2 bullfrog skeletons (D:4)
  2 iguanas
  Terence (D:2)
  A hound skeleton (D:4)
  3 adders
  An adder skeleton (D:4)
  A worm (D:2)
  2 orcs (D:3)
  4 endoplasms (D:4)
  10 giant cockroaches
  4 goblins
  4 hobgoblins
  6 jackals (D:4)
  7 kobolds
  A quokka (D:1)
  7 ball pythons
  6 bats
  3 frilled lizards
  5 rats
75 creatures vanquished.

Vanquished Creatures (collateral kills)
  An endoplasm (D:2)
1 creature vanquished.

Vanquished Creatures (others)
  A plant (D:3)
1 creature vanquished.

Grand Total: 77 creatures vanquished

Notes
Turn   | Place    | Note
-------+----------+-------------------------------------------
     0 | D:1      | Ablot the Gnoll Chaos Knight began the quest for the Orb.
     0 | D:1      | Reached XP level 1. HP: 23/23 MP: 1/1
   126 | D:1      | XOM: divination: magic mapping
   236 | D:1      | Reached XP level 2. HP: 29/29 MP: 2/2
   295 | D:1      | XOM: silly message
   311 | D:1      | XOM: silly message
   522 | D:1      | Found a faded altar of an unknown god.
   572 | D:1      | XOM: silly message
   745 | D:2      | Reached XP level 3. HP: 35/35 MP: 3/3
   746 | D:2      | Noticed Terence
   747 | D:2      | XOM: enchant monster (good)
   800 | D:2      | Killed Terence
   801 | D:2      | Reached skill level 1 in Long Blades
   801 | D:2      | Reached skill level 1 in Axes
   801 | D:2      | Reached skill level 1 in Maces & Flails
   801 | D:2      | Reached skill level 1 in Polearms
   801 | D:2      | Reached skill level 1 in Staves
   801 | D:2      | Reached skill level 1 in Slings
   801 | D:2      | Reached skill level 1 in Bows
   801 | D:2      | Reached skill level 1 in Crossbows
   801 | D:2      | Reached skill level 1 in Throwing
   801 | D:2      | Reached skill level 1 in Stealth
   801 | D:2      | Reached skill level 1 in Shields
   801 | D:2      | Reached skill level 1 in Unarmed Combat
   801 | D:2      | Reached skill level 1 in Spellcasting
   801 | D:2      | Reached skill level 1 in Invocations
   801 | D:2      | Reached skill level 1 in Evocations
   921 | D:2      | XOM: butterfly on damage
   923 | D:2      | Reached XP level 4. HP: 26/41 MP: 5/5
  1093 | D:2      | Reached skill level 1 in Conjurations
  1093 | D:2      | Reached skill level 1 in Hexes
  1093 | D:2      | Reached skill level 1 in Summonings
  1093 | D:2      | Reached skill level 1 in Necromancy
  1093 | D:2      | Reached skill level 1 in Translocations
  1093 | D:2      | Reached skill level 1 in Transmutations
  1093 | D:2      | Reached skill level 1 in Fire Magic
  1093 | D:2      | Reached skill level 1 in Ice Magic
  1093 | D:2      | Reached skill level 1 in Air Magic
  1093 | D:2      | Reached skill level 1 in Earth Magic
  1093 | D:2      | Reached skill level 1 in Poison Magic
  1264 | D:2      | XOM: give mutations
  1264 | D:2      | Gained mutation: You are clumsy. (Dex -2) [Xom's mischief]
  1264 | D:2      | Gained mutation: Armour fits poorly on your strangely
                  | shaped body. [Xom's mischief]
  1264 | D:2      | Gained mutation: You sometimes lose the ability to read
                  | scrolls when taking damage. [Xom's mischief]
  1288 | D:2      | XOM: 3-stop teleportation journey
  1519 | D:3      | Noticed Sigmund
  1529 | D:3      | XOM: divination: magic mapping
  1534 | D:3      | XOM: potion effect (haste)
  1538 | D:3      | Killed Sigmund
  1539 | D:3      | Reached XP level 5. HP: 18/47 MP: 5/7
  1539 | D:3      | Reached XP level 6. HP: 20/53 MP: 5/8
  2069 | D:3      | Found a runed translucent gate.
  2089 | D:3      | Found a runed translucent gate.
  2089 | D:3      | Found an opulent altar of Gozag.
  2090 | D:3      | Found a runed translucent gate.
  2091 | D:3      | Noticed Bruhh's ghost (amateur GnCK)
  2174 | D:3      | XOM: god gift: runed scale mail {god gift}
  2422 | D:4      | Reached skill level 5 in Armour
  2533 | D:4      | XOM: god gift: glowing flail {god gift}
  2692 | D:4      | XOM: cleaving
  2709 | D:4      | Reached XP level 7. HP: 31/59 MP: 10/10
  2869 | D:4      | XOM: 9-stop teleportation journey
  2886 | D:4      | XOM: potion effect (brilliance)
  2887 | D:4      | XOM: silly message
  2890 | D:4      | XOM: butterfly on damage
  2890 | D:4      | XOM: smoke on damage
  2895 | D:4      | XOM: potion effect (experience)
  2895 | D:4      | Reached skill level 5 in Long Blades
  2895 | D:4      | Reached skill level 5 in Axes
  2895 | D:4      | Reached skill level 5 in Maces & Flails
  2895 | D:4      | Reached skill level 5 in Polearms
  2895 | D:4      | Reached skill level 5 in Staves
  2895 | D:4      | Reached skill level 5 in Slings
  2895 | D:4      | Reached skill level 5 in Bows
  2895 | D:4      | Reached skill level 5 in Crossbows
  2895 | D:4      | Reached skill level 5 in Throwing
  2895 | D:4      | Reached skill level 5 in Dodging
  2895 | D:4      | Reached skill level 5 in Stealth
  2895 | D:4      | Reached skill level 5 in Shields
  2895 | D:4      | Reached skill level 5 in Unarmed Combat
  2895 | D:4      | Reached skill level 5 in Spellcasting
  2895 | D:4      | Reached skill level 5 in Invocations
  2895 | D:4      | Reached skill level 5 in Evocations
  2895 | D:4      | Reached XP level 8. HP: 28/69 MP: 10/15
  3140 | D:4      | XOM: silly message
  3182 | D:4      | XOM: stat loss: -1 Dex (8/9)
  3322 | D:4      | XOM: swap monsters
  3452 | D:4      | XOM: summons 4 hostile demons
  3643 | D:4      | XOM: summons 2 hostile shadow creatures
  3676 | D:4      | Slain by a killer bee

Illustrated notes

Levels and vault maps discovered:
D:1:      amcnicky_arrival_flooded_fountain, layout_loops_ring,
          basic_ecumenical_altar, hex_large
D:2:      layout_rooms, uniq_terence
D:3:      layout_basic, ebering_ghost_gozag, corexii_shack, uniq_sigmund
D:4:      layout_loops_ring, minmay_cut_off

Skill      XL: |  1  2  3  4  5  6  7  8 |
---------------+-------------------------+-----
Long Blades    | 1 2 5 |  5.2
Axes           | 1 2 5 |  5.2
Maces & Flails | 1 2 5 |  5.2
Polearms       | 1 2 5 |  5.2
Staves         | 1 2 5 |  5.2
Slings         | 1 2 5 |  5.2
Bows           | 1 2 5 |  5.2
Crossbows      | 1 2 5 |  5.2
Throwing       | 1 2 5 |  5.2
Stealth        | 1 2 5 |  5.2
Shields        | 1 2 5 |  5.2
Unarmed Combat | 1 2 5 |  5.2
Spellcasting   | 1 2 5 |  5.2
Invocations    | 1 2 5 |  5.7
Evocations     | 1 2 5 |  5.2
Conjurations   | 1 4 |  4.3
Hexes          | 1 4 |  4.3
Summonings     | 1 4 |  4.3
Necromancy     | 1 4 |  4.3
Translocations | 1 4 |  4.3
Transmutations | 1 4 |  4.3
Fire Magic     | 1 4 |  4.3
Ice Magic      | 1 4 |  4.3
Air Magic      | 1 4 |  4.3
Earth Magic    | 1 4 |  4.3
Poison Magic   | 1 4 |  4.3
Dodging        | 3 5 |  5.8
Armour         | 5 6 7 |  7.0
Fighting       | 8 |  8.4
Short Blades   | 8 |  8.4

Action                   |  1- 3 |  4- 6 |  7- 9 || total
-------------------------+-------+-------+-------++-------
Melee: Short sword       |    64 |   153 |   128 ||   345
       Bite              |     6 |    13 |    16 ||    35
       Punch             |       |     5 |     5 ||    10
Evoke: Wand              |       |       |     2 ||     2
  Use: Potion            |       |       |     4 ||     4
       Scroll            |       |       |     2 ||     2
 Stab: Sleeping          |     1 |     1 |     3 ||     5
       Paralysed         |     3 |       |       ||     3
       Petrifying        |       |     1 |       ||     1
       Confused          |       |       |     2 ||     2
Armor: Leather armour    |    28 |    55 |    42 ||   125
Dodge: Dodged            |    44 |    83 |    94 ||   221
